Sound Tigers vs Heat
Created - February 12, 2022 at 22:21
Goals
|
| Sound Tigers |
2 |
1 |
1 |
4 |
| Heat |
2 |
0 |
0 |
2 |
|
Shots
|
| Sound Tigers |
9 |
10 |
8 |
27 |
| Heat |
12 |
11 |
11 |
34 |
|
1st period
1. Heat , Peter Cehlarik 7 (Evgeny Svechnikov 8, Jake DeBrusk 9) at 0:56
2. Sound Tigers , Brad Ross 4 (Gabriel Carlsson 5, Ben Johnson 4) at 7:11
3. Sound Tigers , Borna Rendulic 8 (Ryan Bourque 17) at 12:33 (PP)
4. Heat , Rasmus Andersson 2 (Matthew Nieto 19, Kevin Labanc 28) at 18:58 (PP)
Penalties :
Greg Pateryn (Sto) for Hooking (Minor) at 8:39, Jake DeBrusk (Sto) for Diving (Minor) at 12:22, James Sheppard (BRI) for Hooking (Minor) at 18:55
2nd period
5. Sound Tigers , Garret Ross 6 (Pavel Kraskovsky 12) at 2:39
Penalties :
Greg Pateryn (Sto) for Interference (Minor) at 6:10, Dylan McIlrath (BRI) for Holding (Minor) at 13:18, Matthew Nieto (Sto) for Roughing (Minor) at 13:32
3rd period
6. Sound Tigers , Ryan Bourque 14 (Connor Murphy 19, James Sheppard 20) at 0:11
Penalties :
Tyler Shattock (Sto) for Tripping (Minor) at 2:53, Philip Varone (Sto) for Holding (Minor) at 10:06, Tage Thompson (Sto) for Holding (Minor) at 12:45, Scott Glennie (BRI) for Cross-checking (Minor) at 15:15
Goalie Stats
Pavel Francouz (BRI), 32 saves from 34 shots - (0.941), W, 15-9-2, 60:00 minutes
Nathan Lieuwen (Sto), 23 saves from 27 shots - (0.852), L, 2-4-1, 60:00 minutes
Players Stats for Sound Tigers
Player Name G A P +/- PIM S H SB GA TA FO MP PP MP PK MP
------------------------------------------------------------------------------------
Alexander Yelesin 0 0 0 1 0 0 1 0 0 0 0/0 11:38 0:00 0:00
Ben Johnson 0 1 1 1 0 0 0 0 0 0 1/2 7:29 0:00 0:00
Blake Speers 0 0 0 0 0 0 0 0 0 0 0/0 0:58 0:28 0:00
Borna Rendulic 1 0 1 1 0 5 1 0 2 0 0/1 20:46 5:16 0:29
Brad Ross 1 0 1 1 0 1 0 0 0 0 0/0 8:00 0:00 0:31
Brandon Gignac 0 0 0 0 0 0 0 0 0 0 0/1 0:55 0:00 0:34
Connor Murphy 0 1 1 1 0 2 1 2 3 3 0/0 27:01 5:30 1:21
Dylan McIlrath 0 0 0 1 2 2 3 0 0 0 0/0 25:59 5:43 1:21
Gabriel Carlsson 0 1 1 1 0 0 0 0 0 1 0/0 12:52 0:00 0:00
Garret Pilon 0 0 0 0 0 0 0 0 0 0 0/0 1:54 0:33 0:00
Garret Ross 1 0 1 1 0 4 2 2 2 0 0/0 18:51 4:36 1:16
James Livingstone 0 0 0 1 0 0 1 0 0 0 0/0 17:32 4:36 0:29
James Sheppard 0 1 1 1 2 0 2 0 1 0 6/11 22:15 5:26 1:13
Josh Archibald 0 0 0 1 0 1 0 0 0 0 0/0 7:29 0:00 0:00
Julian Melchiori 0 0 0 0 0 0 3 0 0 1 0/0 21:21 4:50 0:55
Pavel Kraskovsky 0 1 1 1 0 3 1 0 0 0 6/14 16:41 4:36 0:00
Rhett Gardner 0 0 0 -1 0 0 1 0 0 0 1/2 11:00 0:00 0:00
Ryan Bourque 1 1 2 1 0 3 0 0 0 1 9/25 19:55 5:16 0:00
Scott Glennie 0 0 0 -1 2 3 0 0 1 0 0/0 10:59 0:00 0:00
Slater Koekkoek 0 0 0 0 0 1 1 2 0 2 0/0 21:21 4:50 0:55
Tyrell Goulbourne 0 0 0 -1 0 2 0 2 0 1 0/0 11:00 0:00 0:00
Players Stats for Heat
Player Name G A P +/- PIM S H SB GA TA FO MP PP MP PK MP
------------------------------------------------------------------------------------
Evgeny Svechnikov 0 1 1 -3 0 0 1 1 1 1 0/0 15:00 0:55 3:00
Frank Corrado 0 0 0 -1 0 1 1 0 0 1 0/0 19:41 0:41 4:41
Greg Pateryn 0 0 0 -1 4 2 1 2 0 2 0/0 26:16 1:35 3:22
Jake DeBrusk 0 1 1 -3 2 2 3 2 2 0 0/1 20:01 0:55 4:50
Jesper Bratt 0 0 0 0 0 6 0 1 1 0 1/1 10:43 0:00 2:02
John Gilmour 0 0 0 0 0 0 0 0 0 0 0/0 13:50 0:00 0:47
Kevin Labanc 0 1 1 0 0 3 0 2 0 0 1/1 18:18 1:20 3:00
Matthew Nieto 0 1 1 0 2 3 4 2 0 1 3/6 21:54 1:19 5:03
Nico Sturm 0 0 0 0 0 7 0 0 0 0 3/5 10:19 0:01 0:00
Peter Cehlarik 1 0 1 1 0 2 0 0 1 0 1/1 14:09 0:00 2:37
Petteri Lindbohm 0 0 0 0 0 1 0 0 1 0 0/0 15:08 0:00 2:38
Philip Varone 0 0 0 -3 2 2 2 1 0 0 8/13 12:28 0:55 0:08
Rasmus Andersson 1 0 1 -1 0 3 3 1 3 1 0/0 27:01 1:35 4:58
Ryan Spooner 0 0 0 1 0 2 2 0 0 0 2/5 11:19 0:01 0:00
Tage Thompson 0 0 0 0 2 0 3 0 0 0 0/0 8:12 0:00 0:00
Trevor Carrick 0 0 0 -1 0 0 1 0 0 1 0/0 18:31 0:41 4:14
Tyler Shattock 0 0 0 1 2 0 0 1 0 1 0/0 9:35 0:01 0:00
Victor Rask 0 0 0 0 0 0 3 0 0 1 14/23 15:23 1:20 0:00
3 Stars
1 - Ryan Bourque (BRI)
2 - Garret Ross (BRI)
3 - Pavel Francouz (BRI)
Power Play
Sound Tigers - 1 on 7 Attempt(s) - 14.29%
Heat - 1 on 3 Attempt(s) - 33.33%
Penalty Kill
Sound Tigers - 2 on 3 Attempt(s) - 66.67%
- Score 0 goal in Penalty Kill
Heat - 6 on 7 Attempt(s) - 85.71%
- Score 0 goal in Penalty Kill
Team Stat
Sound Tigers - Hits : 17 - Faceoff Wins : 23 - Blocked Shots : 8 - Penalty Minutes : 6
Heat - Hits : 24 - Faceoff Wins : 33 - Blocked Shots : 13 - Penalty Minutes : 14
Official
Referees : Beaudry Halkidis and Tim Peel
Linesman : Julien Fournier and David Brisebois
Game Notes
No Game Note
Finance
Level 1 -- Attendance: 1843 (92.15%) -- Ticket Income $64,505
Level 2 -- Attendance: 972 (97.20%) -- Ticket Income $14,580
Total Attendance: 2815 (93.83%)
Total Ticket Income: $79,085
Other Income: $3,954
Total Income: $83,039
Sound Tigers
5 vs 5 Forward
Center Left Wing Right Wing Time % Phy DF OF
1 Ryan Bourque James Sheppard Borna Rendulic 40 1 2 2
2 Pavel Kraskovsky Garret Ross James Livingstone 30 1 2 2
3 Rhett Gardner Tyrell Goulbourne Scott Glennie 20 1 2 2
4 Ben Johnson Brad Ross Josh Archibald 10 1 2 2
5 vs 5 Defense
Defense Defense Time % Phy DF OF
1 Connor Murphy Dylan McIlrath 40 1 2 2
2 Julian Melchiori Slater Koekkoek 30 1 2 2
3 Gabriel Carlsson Alexander Yelesin 20 1 2 2
4 Connor Murphy Dylan McIlrath 10 1 2 2
PowerPlay Forward
Center Left Wing Right Wing Time % Phy DF OF
1 Ryan Bourque James Sheppard Borna Rendulic 60 1 2 2
2 Pavel Kraskovsky Garret Ross James Livingstone 40 1 2 2
PowerPlay Defense
Defense Defense Time % Phy DF OF
1 Connor Murphy Dylan McIlrath 60 1 2 2
2 Julian Melchiori Slater Koekkoek 40 1 2 2
Penalty Kill 4 Players Forward
Center Wing Time % Phy DF OF
1 James Sheppard Garret Ross 60 1 2 2
2 Borna Rendulic James Livingstone 40 1 2 2
Penalty Kill 4 Players Defense
Defense Defense Time % Phy DF OF
1 Connor Murphy Dylan McIlrath 60 1 2 2
2 Julian Melchiori Slater Koekkoek 40 1 2 2
Penalty Kill - 3 Players Forward
Forward Time % Phy DF OF
1 James Sheppard 60 1 2 2
2 Garret Ross 40 1 2 2
Penalty Kill - 3 Players Defense
Defense Defense Time % Phy DF OF
1 Connor Murphy Dylan McIlrath 60 1 2 2
2 Julian Melchiori Slater Koekkoek 40 1 2 2
4 vs 4 Forward
Center Wing Time % Phy DF OF
1 James Sheppard Garret Ross 60 1 2 2
2 Borna Rendulic James Livingstone 40 1 2 2
4 vs 4 Defense
Defense Defense Time % Phy DF OF
1 Connor Murphy Dylan McIlrath 60 1 2 2
2 Julian Melchiori Slater Koekkoek 40 1 2 2
Last Minutes Offensive
Center Left Wing Right Wing Defense Defense
Ryan Bourque James Sheppard Borna Rendulic Connor Murphy Dylan McIlrath
Last Minutes Defensive
Center Left Wing Right Wing Defense Defense
Ryan Bourque James Sheppard Borna Rendulic Connor Murphy Dylan McIlrath
Goaltenders
Starting : Pavel Francouz
Backup : Sean Maguire
Extra Forwards
Normal : Garret Pilon, Blake Speers, Brandon Gignac - PP : Garret Pilon, Blake Speers - PK : Brandon Gignac
Extra Defensemen
Normal : Gabriel Carlsson, Alexander Yelesin, Julian Melchiori - PP : Gabriel Carlsson - PK : Alexander Yelesin, Julian Melchiori
Penalty Shots
James Sheppard, Garret Ross, Borna Rendulic, James Livingstone, Ryan Bourque
Scratches
Ben Thomson (Healthy), David Broll (Healthy), Joe Labate (Healthy), Casey Staum (Healthy), Chris Driedger (Healthy)
Heat
5 vs 5 Forward
Center Left Wing Right Wing Time % Phy DF OF
1 Victor Rask Matthew Nieto Kevin Labanc 40 1 2 2
2 Philip Varone Jake DeBrusk Evgeny Svechnikov 30 1 2 2
3 Ryan Spooner Peter Cehlarik Tyler Shattock 20 1 2 2
4 Nico Sturm Jesper Bratt Tage Thompson 10 1 2 2
5 vs 5 Defense
Defense Defense Time % Phy DF OF
1 Greg Pateryn Rasmus Andersson 40 1 2 2
2 Frank Corrado Trevor Carrick 30 1 2 2
3 John Gilmour Petteri Lindbohm 20 1 2 2
4 Greg Pateryn Rasmus Andersson 10 1 2 2
PowerPlay Forward
Center Left Wing Right Wing Time % Phy DF OF
1 Victor Rask Matthew Nieto Kevin Labanc 60 1 2 2
2 Philip Varone Jake DeBrusk Evgeny Svechnikov 40 1 2 2
PowerPlay Defense
Defense Defense Time % Phy DF OF
1 Greg Pateryn Rasmus Andersson 60 1 2 2
2 Frank Corrado Trevor Carrick 40 1 2 2
Penalty Kill 4 Players Forward
Center Wing Time % Phy DF OF
1 Matthew Nieto Jake DeBrusk 60 1 2 2
2 Kevin Labanc Evgeny Svechnikov 40 1 2 2
Penalty Kill 4 Players Defense
Defense Defense Time % Phy DF OF
1 Greg Pateryn Rasmus Andersson 60 1 2 2
2 Frank Corrado Trevor Carrick 40 1 2 2
Penalty Kill - 3 Players Forward
Forward Time % Phy DF OF
1 Matthew Nieto 60 1 2 2
2 Jake DeBrusk 40 1 2 2
Penalty Kill - 3 Players Defense
Defense Defense Time % Phy DF OF
1 Greg Pateryn Rasmus Andersson 60 1 2 2
2 Frank Corrado Trevor Carrick 40 1 2 2
4 vs 4 Forward
Center Wing Time % Phy DF OF
1 Matthew Nieto Jake DeBrusk 60 1 2 2
2 Kevin Labanc Evgeny Svechnikov 40 1 2 2
4 vs 4 Defense
Defense Defense Time % Phy DF OF
1 Greg Pateryn Rasmus Andersson 60 1 2 2
2 Frank Corrado Trevor Carrick 40 1 2 2
Last Minutes Offensive
Center Left Wing Right Wing Defense Defense
Victor Rask Matthew Nieto Kevin Labanc Greg Pateryn Rasmus Andersson
Last Minutes Defensive
Center Left Wing Right Wing Defense Defense
Victor Rask Matthew Nieto Kevin Labanc Greg Pateryn Rasmus Andersson
Goaltenders
Starting : Nathan Lieuwen
Backup : Vitek Vanecek
Extra Forwards
Normal : Ryan Spooner, Nico Sturm, Peter Cehlarik - PP : Ryan Spooner, Nico Sturm - PK : Peter Cehlarik
Extra Defensemen
Normal : John Gilmour, Petteri Lindbohm, Frank Corrado - PP : John Gilmour - PK : Petteri Lindbohm, Frank Corrado
Penalty Shots
Matthew Nieto, Jake DeBrusk, Kevin Labanc, Evgeny Svechnikov, Victor Rask
Scratches
Alexander True (Healthy), Barclay Goodrow (Healthy), Brandon Hickey (Healthy), Chris Brown (Healthy), Christian Jaros (Healthy)
Dominik Masin (Healthy), Eric Karlsson (Healthy), Mathieu Brodeur (Right Foot Injury), Ryan Donato (Healthy), Vladislav Kamenev (Healthy)
Radim Zohorna (Healthy), Michael Hutchinson (Healthy), Collin Delia (Healthy)
% Time on Ice - Sound Tigers
Lines # - Real PCT - Wanted PCT - Time Play
Normal Forward
1 - 33% - 40% - 15:05
2 - 26% - 30% - 12:05
3 - 24% - 20% - 11:00
4 - 16% - 10% - 7:29
Normal Defense
1 - 39% - 40% - 17:36
2 - 33% - 30% - 15:05
3 - 25% - 20% - 11:38
4 - 3% - 10% - 1:20
PP Forward
1 - 55% - 60% - 5:44
2 - 45% - 40% - 4:36
PP Defense
1 - 53% - 60% - 5:30
2 - 47% - 40% - 4:50
PK Forward
1 - 79% - 60% - 1:47
2 - 21% - 40% - 0:29
PK Defense
1 - 60% - 60% - 1:21
2 - 40% - 40% - 0:55
PK3 Forward
1 - 0% - 60%
2 - 0% - 40%
PK3 Defense
1 - 0% - 60%
2 - 0% - 40%
44 Forward
1 - 79% - 60% - 1:23
2 - 21% - 40% - 0:22
44 Defense
1 - 70% - 60% - 1:14
2 - 30% - 40% - 0:31
Last Minute Offensive - 0:00
Last Minute Defensive - 0:00
Total
Forward - 60:00
Defense - 60:00
|
% Time on Ice - Heat
Lines # - Real PCT - Wanted PCT - Time Play
Normal Forward
1 - 37% - 40% - 16:55
2 - 26% - 30% - 11:54
3 - 19% - 20% - 8:37
4 - 18% - 10% - 8:13
Normal Defense
1 - 41% - 40% - 18:32
2 - 28% - 30% - 12:52
3 - 26% - 20% - 12:03
4 - 5% - 10% - 2:12
PP Forward
1 - 60% - 60% - 1:21
2 - 40% - 40% - 0:55
PP Defense
1 - 70% - 60% - 1:35
2 - 30% - 40% - 0:41
PK Forward
1 - 71% - 60% - 7:20
2 - 29% - 40% - 3:00
PK Defense
1 - 59% - 60% - 6:06
2 - 41% - 40% - 4:14
PK3 Forward
1 - 0% - 60%
2 - 0% - 40%
PK3 Defense
1 - 0% - 60%
2 - 0% - 40%
44 Forward
1 - 100% - 60% - 1:45
2 - 0% - 40% - 0:00
44 Defense
1 - 58% - 60% - 1:01
2 - 42% - 40% - 0:44
Last Minute Offensive - 0:00
Last Minute Defensive - 0:00
Total
Forward - 60:00
Defense - 60:00
|
Play-by-Play
1st period
0:01 of 1st period - Ryan Bourque wins face-off versus Victor Rask in neutral zone.
0:06 of 1st period - Slapshot by Connor Murphy.
0:06 of 1st period - Shot Misses the Net.
0:08 of 1st period - Slapshot by Dylan McIlrath.
0:08 of 1st period - Shot Blocked by Kevin Labanc.
0:26 of 1st period - Connor Murphy is hit by Evgeny Svechnikov and loses puck.
0:56 of 1st period - Wrist shot by Peter Cehlarik.
0:56 of 1st period - Goal by Peter Cehlarik - Sound Tigers : 0 - Heat : 1.
0:57 of 1st period - Ben Johnson wins face-off versus Nico Sturm in neutral zone.
1:22 of 1st period - Frank Corrado is hit by Alexander Yelesin and loses puck.
1:31 of 1st period - Wrist shot by Scott Glennie.
1:31 of 1st period - Deflect By Tyrell Goulbourne.
1:31 of 1st period - Deflect By Frank Corrado.
1:31 of 1st period - Shot Hit the Post.
1:31 of 1st period - Puck is out of play.
1:32 of 1st period - Ryan Bourque wins face-off versus Victor Rask in Heat zone.
2:50 of 1st period - Snap shot by Brad Ross.
2:50 of 1st period - Shot Misses the Net.
3:27 of 1st period - Wrist shot by Garret Ross.
3:27 of 1st period - Stopped by Nathan Lieuwen with a rebound.
3:45 of 1st period - Peter Cehlarik is hit by Rhett Gardner and loses puck.
5:01 of 1st period - Dylan McIlrath is hit by Rasmus Andersson and loses puck.
6:01 of 1st period - Icing by James Livingstone.
6:02 of 1st period - Victor Rask wins face-off versus Pavel Kraskovsky in Sound Tigers zone.
6:07 of 1st period - Wrist shot by Kevin Labanc.
6:07 of 1st period - Shot Blocked by Garret Ross.
6:09 of 1st period - Slapshot by Matthew Nieto.
6:09 of 1st period - Stopped by Pavel Francouz without a rebound.
6:10 of 1st period - James Sheppard wins face-off versus Victor Rask in Sound Tigers zone.
7:05 of 1st period - Slapshot by Ben Johnson.
7:05 of 1st period - Shot Misses the Net.
7:07 of 1st period - Wrist shot by Gabriel Carlsson.
7:07 of 1st period - Shot Blocked by Philip Varone.
7:09 of 1st period - Slapshot by Brad Ross.
7:09 of 1st period - Shot Misses the Net.
7:11 of 1st period - Wrist shot by Brad Ross.
7:11 of 1st period - Goal by Brad Ross - Sound Tigers : 1 - Heat : 1.
7:12 of 1st period - Victor Rask wins face-off versus James Sheppard in neutral zone.
7:15 of 1st period - Wrist shot by Kevin Labanc.
7:15 of 1st period - Stopped by Pavel Francouz without a rebound.
7:16 of 1st period - Victor Rask wins face-off versus Ryan Bourque in Sound Tigers zone.
7:21 of 1st period - Wrist shot by Matthew Nieto.
7:21 of 1st period - Shot Misses the Net.
7:23 of 1st period - Wrist shot by Matthew Nieto.
7:23 of 1st period - Stopped by Pavel Francouz without a rebound.
7:24 of 1st period - Victor Rask wins face-off versus Ryan Bourque in Sound Tigers zone.
7:54 of 1st period - Snap shot by Jake DeBrusk.
7:54 of 1st period - Stopped by Pavel Francouz without a rebound.
7:55 of 1st period - Philip Varone wins face-off versus Pavel Kraskovsky in Sound Tigers zone.
8:10 of 1st period - Snap shot by Jake DeBrusk.
8:10 of 1st period - Shot Misses the Net.
8:22 of 1st period - Victor Rask is hit by Borna Rendulic and loses puck.
8:39 of 1st period - Minor Penalty to Greg Pateryn for Hooking.
8:40 of 1st period - Ryan Bourque wins face-off versus Jake DeBrusk in Heat zone.
9:15 of 1st period - Slapshot by Connor Murphy.
9:15 of 1st period - Shot Blocked by Matthew Nieto.
10:31 of 1st period - Rasmus Andersson is hit by Garret Ross and loses puck.
10:39 of 1st period - Penalty to Greg Pateryn is over, Greg Pateryn is back on ice.
11:08 of 1st period - Josh Archibald is hit by Tage Thompson and loses puck.
11:30 of 1st period - Snap shot by Kevin Labanc.
11:30 of 1st period - Shot Misses the Net.
11:32 of 1st period - Wrist shot by Kevin Labanc.
11:32 of 1st period - Shot Misses the Net.
11:57 of 1st period - Backhand shot by Rhett Gardner.
11:57 of 1st period - Shot Blocked by Greg Pateryn.
11:59 of 1st period - Slapshot by Slater Koekkoek.
11:59 of 1st period - Deflect By Frank Corrado.
11:59 of 1st period - Stopped by Nathan Lieuwen with a rebound.
12:01 of 1st period - Slapshot by Julian Melchiori.
12:01 of 1st period - Shot Hit the Post.
12:03 of 1st period - Snap shot by Scott Glennie.
12:03 of 1st period - Stopped by Nathan Lieuwen without a rebound.
12:04 of 1st period - Philip Varone wins face-off versus Ryan Bourque in Heat zone.
12:22 of 1st period - Minor Penalty to Jake DeBrusk for Diving.
12:23 of 1st period - Matthew Nieto wins face-off versus Ryan Bourque in Heat zone.
12:31 of 1st period - Snap shot by Ryan Bourque.
12:31 of 1st period - Deflect By Rasmus Andersson.
12:31 of 1st period - Shot Misses the Net.
12:31 of 1st period - Puck is out of play.
12:32 of 1st period - Ryan Bourque wins face-off versus Matthew Nieto in Heat zone.
12:33 of 1st period - Snap shot by Borna Rendulic.
12:33 of 1st period - Goal by Borna Rendulic - Sound Tigers : 2 - Heat : 1.
12:34 of 1st period - Victor Rask wins face-off versus Ryan Bourque in neutral zone.
12:41 of 1st period - Slapshot by Borna Rendulic.
12:41 of 1st period - Stopped by Nathan Lieuwen with a rebound.
12:43 of 1st period - Snap shot by Borna Rendulic.
12:43 of 1st period - Shot Misses the Net.
12:47 of 1st period - Snap shot by Ryan Bourque.
12:47 of 1st period - Shot Misses the Net.
12:59 of 1st period - Greg Pateryn is hit by Garret Ross and loses puck.
13:15 of 1st period - Julian Melchiori is hit by Jake DeBrusk.
13:25 of 1st period - Peter Cehlarik is hit by Slater Koekkoek and loses puck.
13:48 of 1st period - Wrist shot by Victor Rask.
13:48 of 1st period - Shot Misses the Net.
13:50 of 1st period - Slapshot by Greg Pateryn.
13:50 of 1st period - Stopped by Pavel Francouz without a rebound.
13:51 of 1st period - Victor Rask wins face-off versus Pavel Kraskovsky in Sound Tigers zone.
13:54 of 1st period - Wrist shot by Matthew Nieto.
13:54 of 1st period - Shot Misses the Net.
14:06 of 1st period - Slapshot by Garret Ross.
14:06 of 1st period - Stopped by Nathan Lieuwen with a rebound.
14:16 of 1st period - Slapshot by Scott Glennie.
14:16 of 1st period - Shot Misses the Net.
15:06 of 1st period - Slapshot by Scott Glennie.
15:06 of 1st period - Stopped by Nathan Lieuwen without a rebound.
15:07 of 1st period - Philip Varone wins face-off versus Ryan Bourque in Heat zone.
15:22 of 1st period - Wrist shot by Philip Varone.
15:22 of 1st period - Stopped by Pavel Francouz without a rebound.
15:23 of 1st period - Ryan Spooner wins face-off versus Pavel Kraskovsky in Sound Tigers zone.
15:48 of 1st period - Connor Murphy is hit by Greg Pateryn.
16:00 of 1st period - Icing by Petteri Lindbohm.
16:01 of 1st period - Nico Sturm wins face-off versus Ryan Bourque in Heat zone.
16:22 of 1st period - Wrist shot by Jesper Bratt.
16:22 of 1st period - Stopped by Pavel Francouz with a rebound.
16:24 of 1st period - Snap shot by Nico Sturm.
16:24 of 1st period - Stopped by Pavel Francouz without a rebound.
16:25 of 1st period - Philip Varone wins face-off versus Ben Johnson in Sound Tigers zone.
16:26 of 1st period - Wrist shot by Jake DeBrusk.
16:26 of 1st period - Shot Misses the Net.
16:52 of 1st period - James Sheppard is hit by Victor Rask and loses puck.
17:35 of 1st period - Slapshot by Slater Koekkoek.
17:35 of 1st period - Shot Blocked by Jesper Bratt.
18:22 of 1st period - Snap shot by Josh Archibald.
18:22 of 1st period - Stopped by Nathan Lieuwen with a rebound.
18:55 of 1st period - Minor Penalty to James Sheppard for Hooking.
18:56 of 1st period - Kevin Labanc wins face-off versus Brandon Gignac in Sound Tigers zone.
18:56 of 1st period - Slapshot by Matthew Nieto.
18:56 of 1st period - Stopped by Pavel Francouz with a rebound.
18:58 of 1st period - Slapshot by Rasmus Andersson.
18:58 of 1st period - Goal by Rasmus Andersson - Sound Tigers : 2 - Heat : 2.
18:59 of 1st period - Ryan Bourque wins face-off versus Victor Rask in neutral zone.
19:10 of 1st period - Slapshot by Rasmus Andersson.
19:10 of 1st period - Stopped by Pavel Francouz with a rebound.
19:28 of 1st period - Slapshot by Evgeny Svechnikov.
19:28 of 1st period - Shot Misses the Net.
19:48 of 1st period - Rhett Gardner is hit by Trevor Carrick and loses puck.
Goals for this period are 2 for Sound Tigers vs 2 for Heat.
Shots for this period are 9 for Sound Tigers vs 12 for Heat.
2nd period
0:01 of 2nd period - Victor Rask wins face-off versus Ryan Bourque in neutral zone.
0:16 of 2nd period - Kevin Labanc is hit by James Sheppard and loses puck.
0:35 of 2nd period - Rasmus Andersson is hit by Pavel Kraskovsky and loses puck.
0:50 of 2nd period - Rasmus Andersson is hit by Julian Melchiori and loses puck.
1:30 of 2nd period - Wrist shot by Ryan Bourque.
1:30 of 2nd period - Stopped by Nathan Lieuwen with a rebound.
1:44 of 2nd period - Snap shot by Jesper Bratt.
1:44 of 2nd period - Stopped by Pavel Francouz without a rebound.
1:45 of 2nd period - Victor Rask wins face-off versus Pavel Kraskovsky in Sound Tigers zone.
1:50 of 2nd period - Snap shot by Kevin Labanc.
1:50 of 2nd period - Stopped by Pavel Francouz with a rebound.
1:52 of 2nd period - Slapshot by Frank Corrado.
1:52 of 2nd period - Stopped by Pavel Francouz without a rebound.
1:53 of 2nd period - Victor Rask wins face-off versus Ryan Bourque in Sound Tigers zone.
2:23 of 2nd period - Icing by Kevin Labanc.
2:24 of 2nd period - Philip Varone wins face-off versus Pavel Kraskovsky in Heat zone.
2:39 of 2nd period - Slapshot by Garret Ross.
2:39 of 2nd period - Goal by Garret Ross - Sound Tigers : 3 - Heat : 2.
2:40 of 2nd period - Victor Rask wins face-off versus Ryan Bourque in neutral zone.
3:12 of 2nd period - Wrist shot by Pavel Kraskovsky.
3:12 of 2nd period - Stopped by Nathan Lieuwen with a rebound.
3:14 of 2nd period - Slapshot by Julian Melchiori.
3:14 of 2nd period - Shot Blocked by Jake DeBrusk.
3:24 of 2nd period - Slapshot by Julian Melchiori.
3:24 of 2nd period - Shot Blocked by Greg Pateryn.
4:09 of 2nd period - Wrist shot by Pavel Kraskovsky.
4:09 of 2nd period - Shot Blocked by Kevin Labanc.
4:11 of 2nd period - Slapshot by Connor Murphy.
4:11 of 2nd period - Deflect By Kevin Labanc.
4:11 of 2nd period - Stopped by Nathan Lieuwen without a rebound.
4:12 of 2nd period - Pavel Kraskovsky wins face-off versus Victor Rask in Heat zone.
4:19 of 2nd period - James Livingstone is hit by Matthew Nieto and loses puck.
4:37 of 2nd period - Connor Murphy is hit by Philip Varone.
5:03 of 2nd period - Snap shot by Scott Glennie.
5:03 of 2nd period - Shot Misses the Net.
5:05 of 2nd period - Slapshot by Scott Glennie.
5:05 of 2nd period - Stopped by Nathan Lieuwen with a rebound.
5:23 of 2nd period - Slapshot by Nico Sturm.
5:23 of 2nd period - Stopped by Pavel Francouz with a rebound.
5:44 of 2nd period - Wrist shot by Pavel Kraskovsky.
5:44 of 2nd period - Stopped by Nathan Lieuwen without a rebound.
5:45 of 2nd period - Pavel Kraskovsky wins face-off versus Victor Rask in Heat zone.
6:10 of 2nd period - Minor Penalty to Greg Pateryn for Interference.
6:11 of 2nd period - Matthew Nieto wins face-off versus James Sheppard in Heat zone.
6:21 of 2nd period - James Sheppard is hit by Matthew Nieto and loses puck.
8:10 of 2nd period - Penalty to Greg Pateryn is over, Greg Pateryn is back on ice.
8:47 of 2nd period - Slapshot by Rhett Gardner.
8:47 of 2nd period - Shot Misses the Net.
9:13 of 2nd period - Gabriel Carlsson is hit by Ryan Spooner and loses puck.
9:24 of 2nd period - Snap shot by Borna Rendulic.
9:24 of 2nd period - Stopped by Nathan Lieuwen without a rebound.
9:25 of 2nd period - Victor Rask wins face-off versus Ryan Bourque in Heat zone.
9:40 of 2nd period - Slapshot by Connor Murphy.
9:40 of 2nd period - Shot Blocked by Rasmus Andersson.
10:00 of 2nd period - Wrist shot by Garret Ross.
10:00 of 2nd period - Shot Blocked by Tyler Shattock.
10:12 of 2nd period - Wrist shot by Jesper Bratt.
10:12 of 2nd period - Stopped by Pavel Francouz with a rebound.
10:14 of 2nd period - Slapshot by Greg Pateryn.
10:14 of 2nd period - Shot Misses the Net.
10:16 of 2nd period - Wrist shot by Jesper Bratt.
10:16 of 2nd period - Deflect By Tage Thompson.
10:16 of 2nd period - Shot Blocked by Tyrell Goulbourne.
10:16 of 2nd period - Puck is out of play.
10:17 of 2nd period - Ryan Bourque wins face-off versus Nico Sturm in Sound Tigers zone.
10:34 of 2nd period - Slapshot by Jesper Bratt.
10:34 of 2nd period - Stopped by Pavel Francouz without a rebound.
10:35 of 2nd period - Pavel Kraskovsky wins face-off versus Philip Varone in Sound Tigers zone.
10:35 of 2nd period - Pavel Kraskovsky is hit by Jake DeBrusk.
11:51 of 2nd period - Wrist shot by Nico Sturm.
11:51 of 2nd period - Stopped by Pavel Francouz with a rebound.
11:55 of 2nd period - Snap shot by Nico Sturm.
11:55 of 2nd period - Deflect By Jesper Bratt.
11:55 of 2nd period - Stopped by Pavel Francouz with a rebound.
11:57 of 2nd period - Slapshot by Nico Sturm.
11:57 of 2nd period - Stopped by Pavel Francouz without a rebound.
11:58 of 2nd period - Philip Varone wins face-off versus Ryan Bourque in Sound Tigers zone.
12:03 of 2nd period - Wrist shot by Philip Varone.
12:03 of 2nd period - Stopped by Pavel Francouz without a rebound.
12:04 of 2nd period - Ryan Bourque wins face-off versus Philip Varone in Sound Tigers zone.
12:04 of 2nd period - Ryan Bourque is hit by Jake DeBrusk.
12:33 of 2nd period - Slapshot by Garret Ross.
12:33 of 2nd period - Deflect By Rasmus Andersson.
12:33 of 2nd period - Shot Misses the Net.
12:33 of 2nd period - Puck is out of play.
12:34 of 2nd period - Pavel Kraskovsky wins face-off versus Victor Rask in Heat zone.
12:51 of 2nd period - Connor Murphy is hit by Matthew Nieto and loses puck.
13:18 of 2nd period - Minor Penalty to Dylan McIlrath for Holding.
13:19 of 2nd period - Victor Rask wins face-off versus James Sheppard in Sound Tigers zone.
13:32 of 2nd period - Minor Penalty to Matthew Nieto for Roughing.
13:33 of 2nd period - James Sheppard wins face-off versus Ryan Spooner in Heat zone.
13:38 of 2nd period - Slapshot by Garret Ross.
13:38 of 2nd period - Shot Misses the Net.
13:42 of 2nd period - Snap shot by James Sheppard.
13:42 of 2nd period - Shot Blocked by Jake DeBrusk.
13:44 of 2nd period - Snap shot by James Sheppard.
13:44 of 2nd period - Shot Misses the Net.
14:20 of 2nd period - Slapshot by Frank Corrado.
14:20 of 2nd period - Deflect By Nico Sturm.
14:20 of 2nd period - Shot Misses the Net.
14:20 of 2nd period - Puck is out of play.
14:21 of 2nd period - Nico Sturm wins face-off versus Borna Rendulic in Sound Tigers zone.
14:26 of 2nd period - Slapshot by Greg Pateryn.
14:26 of 2nd period - Deflect By Nico Sturm.
14:26 of 2nd period - Stopped by Pavel Francouz without a rebound.
14:27 of 2nd period - James Sheppard wins face-off versus Ryan Spooner in Sound Tigers zone.
15:18 of 2nd period - Penalty to Dylan McIlrath is over, Dylan McIlrath is back on ice.
15:30 of 2nd period - Snap shot by Dylan McIlrath.
15:30 of 2nd period - Stopped by Nathan Lieuwen without a rebound.
15:31 of 2nd period - Peter Cehlarik wins face-off versus James Sheppard in Heat zone.
15:32 of 2nd period - Penalty to Matthew Nieto is over, Matthew Nieto is back on ice.
16:19 of 2nd period - James Sheppard is hit by Matthew Nieto and loses puck.
16:35 of 2nd period - Slapshot by Rasmus Andersson.
16:35 of 2nd period - Shot Blocked by Connor Murphy.
16:59 of 2nd period - Greg Pateryn is hit by Dylan McIlrath and loses puck.
17:12 of 2nd period - Snap shot by Ryan Bourque.
17:12 of 2nd period - Stopped by Nathan Lieuwen with a rebound.
17:14 of 2nd period - Wrist shot by Borna Rendulic.
17:14 of 2nd period - Stopped by Nathan Lieuwen without a rebound.
17:15 of 2nd period - Nico Sturm wins face-off versus Pavel Kraskovsky in Heat zone.
17:20 of 2nd period - Slapshot by Jesper Bratt.
17:20 of 2nd period - Shot Misses the Net.
17:22 of 2nd period - Wrist shot by Jesper Bratt.
17:22 of 2nd period - Shot Blocked by Slater Koekkoek.
17:24 of 2nd period - Slapshot by Jesper Bratt.
17:24 of 2nd period - Shot Misses the Net.
17:26 of 2nd period - Snap shot by Jesper Bratt.
17:26 of 2nd period - Deflect By Nico Sturm.
17:26 of 2nd period - Shot Blocked by Slater Koekkoek.
17:26 of 2nd period - Puck is out of play.
17:27 of 2nd period - Jesper Bratt wins face-off versus Pavel Kraskovsky in Sound Tigers zone.
17:42 of 2nd period - Nico Sturm is hit by Julian Melchiori and loses puck.
18:36 of 2nd period - Ben Johnson is hit by Tage Thompson and loses puck.
Goals for this period are 1 for Sound Tigers vs 0 for Heat.
Shots for this period are 10 for Sound Tigers vs 11 for Heat.
3rd period
0:01 of 3rd period - Philip Varone wins face-off versus Ryan Bourque in neutral zone.
0:05 of 3rd period - Off-side.
0:06 of 3rd period - James Sheppard wins face-off versus Philip Varone in neutral zone.
0:11 of 3rd period - Wrist shot by Ryan Bourque.
0:11 of 3rd period - Goal by Ryan Bourque - Sound Tigers : 4 - Heat : 2.
0:12 of 3rd period - Philip Varone wins face-off versus Ryan Bourque in neutral zone.
0:26 of 3rd period - Slapshot by Greg Pateryn.
0:26 of 3rd period - Stopped by Pavel Francouz with a rebound.
1:39 of 3rd period - Alexander Yelesin is hit by Philip Varone.
2:22 of 3rd period - Wrist shot by Kevin Labanc.
2:22 of 3rd period - Shot Blocked by Connor Murphy.
2:47 of 3rd period - Snap shot by Dylan McIlrath.
2:47 of 3rd period - Stopped by Nathan Lieuwen with a rebound.
2:53 of 3rd period - Minor Penalty to Tyler Shattock for Tripping.
2:54 of 3rd period - Matthew Nieto wins face-off versus Ryan Bourque in Heat zone.
3:53 of 3rd period - Garret Ross is hit by Rasmus Andersson and loses puck.
3:58 of 3rd period - Snap shot by Jesper Bratt.
3:58 of 3rd period - Stopped by Pavel Francouz with a rebound.
4:00 of 3rd period - Slapshot by Rasmus Andersson.
4:00 of 3rd period - Deflect By James Livingstone.
4:00 of 3rd period - Stopped by Pavel Francouz with a rebound.
4:02 of 3rd period - Snap shot by Peter Cehlarik.
4:02 of 3rd period - Shot Blocked by Garret Ross.
4:37 of 3rd period - Wrist shot by Kevin Labanc.
4:37 of 3rd period - Stopped by Pavel Francouz with a rebound.
4:53 of 3rd period - Penalty to Tyler Shattock is over, Tyler Shattock is back on ice.
5:04 of 3rd period - Frank Corrado is hit by Dylan McIlrath.
5:23 of 3rd period - Brad Ross is hit by Ryan Spooner and loses puck.
5:54 of 3rd period - Rhett Gardner is hit by Victor Rask and loses puck.
6:26 of 3rd period - Snap shot by Peter Cehlarik.
6:26 of 3rd period - Stopped by Pavel Francouz without a rebound.
6:27 of 3rd period - Ryan Spooner wins face-off versus Ryan Bourque in Sound Tigers zone.
7:00 of 3rd period - Snap shot by Jake DeBrusk.
7:00 of 3rd period - Stopped by Pavel Francouz with a rebound.
7:16 of 3rd period - Snap shot by Jesper Bratt.
7:16 of 3rd period - Shot Misses the Net.
7:18 of 3rd period - Wrist shot by Nico Sturm.
7:18 of 3rd period - Stopped by Pavel Francouz with a rebound.
7:20 of 3rd period - Snap shot by Nico Sturm.
7:20 of 3rd period - Stopped by Pavel Francouz with a rebound.
8:02 of 3rd period - Off-side.
8:03 of 3rd period - James Sheppard wins face-off versus Philip Varone in neutral zone.
8:35 of 3rd period - Slapshot by Petteri Lindbohm.
8:35 of 3rd period - Stopped by Pavel Francouz with a rebound.
8:37 of 3rd period - Snap shot by Kevin Labanc.
8:37 of 3rd period - Shot Misses the Net.
8:57 of 3rd period - Snap shot by Pavel Kraskovsky.
8:57 of 3rd period - Stopped by Nathan Lieuwen with a rebound.
9:31 of 3rd period - Icing by Trevor Carrick.
9:32 of 3rd period - Victor Rask wins face-off versus James Sheppard in Heat zone.
9:34 of 3rd period - Icing by Rasmus Andersson.
9:35 of 3rd period - Ryan Bourque wins face-off versus Victor Rask in Heat zone.
9:50 of 3rd period - Slapshot by Borna Rendulic.
9:50 of 3rd period - Stopped by Nathan Lieuwen without a rebound.
9:51 of 3rd period - Pavel Kraskovsky wins face-off versus Philip Varone in Heat zone.
10:04 of 3rd period - Wrist shot by Garret Ross.
10:04 of 3rd period - Stopped by Nathan Lieuwen with a rebound.
10:06 of 3rd period - Minor Penalty to Philip Varone for Holding.
10:07 of 3rd period - Ryan Bourque wins face-off versus Matthew Nieto in Heat zone.
10:40 of 3rd period - Wrist shot by James Livingstone.
10:40 of 3rd period - Shot Blocked by Evgeny Svechnikov.
11:56 of 3rd period - Kevin Labanc is hit by James Sheppard and loses puck.
12:06 of 3rd period - Penalty to Philip Varone is over, Philip Varone is back on ice.
12:21 of 3rd period - Slapshot by Tyrell Goulbourne.
12:21 of 3rd period - Stopped by Nathan Lieuwen with a rebound.
12:37 of 3rd period - Alexander Yelesin is hit by Tage Thompson and loses puck.
12:45 of 3rd period - Minor Penalty to Tage Thompson for Holding.
12:46 of 3rd period - Pavel Kraskovsky wins face-off versus Matthew Nieto in Heat zone.
12:51 of 3rd period - Slapshot by James Livingstone.
12:51 of 3rd period - Shot Misses the Net.
12:53 of 3rd period - Slapshot by Dylan McIlrath.
12:53 of 3rd period - Shot Misses the Net.
12:55 of 3rd period - Snap shot by Garret Ross.
12:55 of 3rd period - Shot Blocked by Matthew Nieto.
13:51 of 3rd period - Frank Corrado is hit by Dylan McIlrath and loses puck.
14:45 of 3rd period - Penalty to Tage Thompson is over, Tage Thompson is back on ice.
14:57 of 3rd period - Icing by Greg Pateryn.
14:58 of 3rd period - Rhett Gardner wins face-off versus Ryan Spooner in Heat zone.
15:06 of 3rd period - Off-side.
15:07 of 3rd period - Victor Rask wins face-off versus Rhett Gardner in neutral zone.
15:07 of 3rd period - Kevin Labanc is hit by Connor Murphy and loses puck.
15:15 of 3rd period - Minor Penalty to Scott Glennie for Cross-checking.
15:16 of 3rd period - James Sheppard wins face-off versus Victor Rask in Sound Tigers zone.
16:58 of 3rd period - Dylan McIlrath is hit by Rasmus Andersson.
17:08 of 3rd period - Slapshot by Dylan McIlrath.
17:08 of 3rd period - Shot Misses the Net.
17:15 of 3rd period - Penalty to Scott Glennie is over, Scott Glennie is back on ice.
17:20 of 3rd period - Rhett Gardner is hit by Frank Corrado and loses puck.
17:25 of 3rd period - Slapshot by Tyler Shattock.
17:25 of 3rd period - Deflect By Ryan Spooner.
17:25 of 3rd period - Stopped by Pavel Francouz with a rebound.
17:27 of 3rd period - Slapshot by Ryan Spooner.
17:27 of 3rd period - Stopped by Pavel Francouz with a rebound.
17:29 of 3rd period - Snap shot by Nico Sturm.
17:29 of 3rd period - Shot Blocked by Tyrell Goulbourne.
17:39 of 3rd period - Slapshot by Connor Murphy.
17:39 of 3rd period - Stopped by Nathan Lieuwen with a rebound.
18:05 of 3rd period - Trevor Carrick is hit by James Livingstone and loses puck.
18:32 of 3rd period - Wrist shot by Scott Glennie.
18:32 of 3rd period - Shot Misses the Net.
18:34 of 3rd period - Slapshot by Gabriel Carlsson.
18:34 of 3rd period - Deflect By Tyrell Goulbourne.
18:34 of 3rd period - Stopped by Nathan Lieuwen with a rebound.
18:39 of 3rd period - Jake DeBrusk is hit by Julian Melchiori and loses puck.
18:52 of 3rd period - Snap shot by Ryan Spooner.
18:52 of 3rd period - Shot Misses the Net.
19:45 of 3rd period - Alexander Yelesin is hit by Victor Rask and loses puck.
Goals for this period are 1 for Sound Tigers vs 0 for Heat.
Shots for this period are 8 for Sound Tigers vs 11 for Heat.